 Dungeon Crawl Stone Soup version 0.22-a0-433-gd2a9cce (webtiles) character file.

117 Megalobster the Ruffian (level 4, -11/35 HPs)
             Began as a Draconian Transmuter on May 27, 2018.
             Mangled by a gnoll
             ... wielding a +0 flail
              (13 damage)
             ... on level 3 of the Dungeon.
             The game lasted 00:05:36 (2216 turns).

Megalobster the Ruffian (Draconian Transmuter)      Turns: 2216, Time: 00:05:36

Health: -11/35     AC:  5    Str: 14    XL:     4   Next: 71%
Magic:  12/16      EV: 12    Int: 13    God:
Gold:   138        SH:  0    Dex: 11    Spells: 4/7 levels left

rFire    . . .     SeeInvis .     - Unarmed
rCold    . . .     Gourm    .   (no shield)
rNeg     . . .     Faith    .   (armour unavailable)
rPois    .         Spirit   .   (helmet restricted)
rElec    .         Reflect  .   (no cloak)
rCorr    .         Harm     .   (no gloves)
MR       .....                  (boots currently unavailable)
Stlth    +.........             (no amulet)
HPRegen  0.11/turn              g - ring of magical power
MPRegen  0.15/turn              (no ring)

@: appendage
A: unfitting armour, talons 3, cold-blooded, AC +5
a: End Transformation


You were on level 3 of the Dungeon.
You were not hungry.
You had grown temporary talons.
You visited 1 branch of the dungeon, and saw 3 of its levels.

You collected 138 gold pieces.

Inventory:

Missiles
 a - 78 arrows
 e - 105 stones (quivered)
 h - 44 sling bullets
Armour
 b - a +0 shield
Jewellery
 g - a ring of magical power (left hand)
Scrolls
 d - 4 scrolls of identify {unknown}
 i - 2 scrolls of remove curse {unknown}
 j - a scroll of teleportation {unknown}
 n - a scroll of fog {unknown}
Potions
 f - a potion of lignification {unknown}
 k - a potion of ambrosia {unknown}
 l - a potion of flight {unknown}
 m - a potion of agility {unknown}
Comestibles
 c - 4 rations
 o - 3 chunks of flesh


   Skills:
 - Level 1.1 Fighting
 - Level 1.7 Dodging
 * Level 4.6 Unarmed Combat
 + Level 2.2 Spellcasting
 * Level 3.3 Transmutations


You had 4 spell levels left.
You knew the following spells:

 Your Spells              Type           Power        Failure   Level  Hunger
a - Beastly Appendage     Tmut           ##....       6%          1    ##.....
b - Sticks to Snakes      Tmut           ##......     10%         2    ###....

Your spell library contained the following spells:

 Spells                   Type           Power        Failure   Level  Hunger
 Spider Form              Tmut/Pois      #.........   36%         3    ####...
 Blade Hands              Tmut           ##........   87%         5    ######.
 Ice Form                 Ice/Tmut       #.......     77%         4    #####..


Dungeon Overview and Level Annotations

Branches:
Dungeon (3/15)

Altars:


Innate Abilities, Weirdness & Mutations

Your plain brown scales are hard. (AC +5)
You cannot fit into any form of body armour.
You are cold-blooded and may be slowed by cold attacks.
You have claws for feet.


Message History

The gnoll is heavily wounded.
Your ball python bites the gnoll.
Your ball python closely misses the gnoll.
Your ball python bites the gnoll.
Your ball python grabs the gnoll.
Your ball python constricts the gnoll.
The gnoll hits you with a spear!
The gnoll hits you from afar with a spear!
* * * LOW HITPOINT WARNING * * *
The gnoll hits you with a flail.
* * * LOW HITPOINT WARNING * * *
You take 16 damage, and have 7/35 hp.
MASSIVE DAMAGE!!
You closely miss the gnoll.
The gnoll is heavily wounded.
Your ball python bites the gnoll.
Your ball python bites the gnoll but does no damage.
Your ball python constricts the gnoll.
The gnoll hits your ball python with a spear.
The gnoll hits you from afar with a spear.
* * * LOW HITPOINT WARNING * * *
The gnoll hits you with a flail!
You die...

##.#.##.# .. ........#
.# ... ##....####.# #..#
#(.##......# ######...#
#.####..##.# #........#
#.# ##..##.# #.......>#
#.###...##.# #........#
...)..#.##.# #........#
..#####.##.# #.@g..?..#
..#####..#.####.Sgg....#
#................S......
#####...................
##.............######
####...........####
...............#
#####..........#
############


You could see 3 gnolls and 2 friendly ball pythons.

Vanquished Creatures
  A crimson imp (D:2)
  2 adders (D:2)
  A gnoll (D:2)
  A worm (D:3)
  3 dart slugs
  4 leopard geckos
  2 bats
  A giant cockroach (D:2)
  9 goblins
  4 hobgoblins
  5 frilled lizards
  6 kobolds
  7 rats
46 creatures vanquished.

Vanquished Creatures (collateral kills)
  A worm (D:2)
  A goblin (D:2)
  A frilled lizard (D:2)
  2 rats (D:2)
5 creatures vanquished.

Grand Total: 51 creatures vanquished

Notes
Turn   | Place    | Note
-------+----------+-------------------------------------------
     0 | D:1      | Megalobster the Draconian Transmuter began the quest for the Orb.
     0 | D:1      | Reached XP level 1. HP: 16/16 MP: 3/3
   159 | D:1      | Reached XP level 2. HP: 23/23 MP: 5/5
   865 | D:2      | Reached XP level 3. HP: 21/28 MP: 6/6
   872 | D:2      | Reached skill level 4 in Unarmed Combat
  1114 | D:2      | Learned a level 2 spell: Sticks to Snakes
  1383 | D:2      | Reached XP level 4. HP: 34/35 MP: 7/7
  2216 | D:3      | Mangled by a gnoll

Vault maps used:
D:1:      sevenhm_arrival_forest_fort_large_2
D:2:      serial_bayou, serial_bayou_shore_a, serial_bayou_lagoon_a,
          serial_bayou_pond_b, serial_bayou_pond_b
D:3:      dancing_weapons_uskayaw, first_ration

Skill      XL: |  1  2  3 |
---------------+----------+-----
Unarmed Combat | 4 |  4.6
Transmutations | 3 |  3.3
Fighting       | |  1.1
Dodging        | |  1.7
Spellcasting   | |  2.2

Action                   |  1- 3 |  4- 6 || total
-------------------------+-------+-------++-------
Melee: Unarmed           |   107 |    57 ||   164
       Headbutt          |     6 |       ||     6
       Tailslap          |     9 |     3 ||    12
       Kick              |     1 |     1 ||     2
Throw: Stone             |     5 |     2 ||     7
 Cast: Beastly Appendage |    10 |     4 ||    14
       Sticks to Snakes  |     2 |     4 ||     6
  Eat: Chunk             |     2 |     3 ||     5
Armor: Skin              |    20 |    11 ||    31
Dodge: Dodged            |    53 |    29 ||    82

Table legend:
 A = Spawn XP
 B = Non-spawn XP
 C = Spawn XP percentage of total XP
 D = Spawn monster count
 E = Non-spawn monster count
 F = Spawn count percentage of total count
 G = Total turns spent on level
                    A         B        C        D         E        F      G
               +---------+---------+-------+---------+---------+-------+---------
         Total |       0 |     168 |   0.0 |       0 |      51 |   0.0 |  2216
               +---------+---------+-------+---------+---------+-------+---------
           D:1 |       0 |      28 |   0.0 |       0 |      18 |   0.0 |   770
           D:2 |       0 |     133 |   0.0 |       0 |      31 |   0.0 |  1392
           D:3 |       0 |       7 |   0.0 |       0 |       2 |   0.0 |    54
               +---------+---------+-------+---------+---------+-------+---------
